 Dungeon Crawl Stone Soup version 0.32-a0-999-gfa1cc04b1d (webtiles) character file.

Game seed: 1040447919626950855

88 DrKenneth the Trooper (level 4, 0/41 HPs)
             Began as a Minotaur Fighter on Apr 25, 2024.
             Slain by a gnoll
             ... wielding a +0 whip
              (6 damage)
             ... on level 2 of the Dungeon.
             The game lasted 00:01:41 (1448 turns).

DrKenneth the Trooper (Minotaur Fighter)            Turns: 1448, Time: 00:01:41

Health: 0/41       AC:  7    Str: 23    XL:     4   Next: 30%
Magic:  3/3        EV:  8    Int:  5    God:
Gold:   57         SH:  4    Dex:  9    Spells: 3/3 levels left

rFire   . . .        a - +0 war axe
rCold   . . .        c - +0 buckler
rNeg    . . .        b - +0 scale mail
rPois   .            (helmet restricted)
rElec   .            (no cloak)
rCorr   .            (no gloves)
SInv    .            (no boots)
Will    .....        (no amulet) Stlth
                     (no ring)
HPRegen 0.26/turn    (no ring)
MPRegen 0.08/turn

%: no passive effects
@: no status effects
A: horns 2, retaliatory headbutt
a: no special abilities


You were on level 2 of the Dungeon.
You visited 1 branch of the dungeon, and saw 2 of its levels.

You collected 57 gold pieces.

Inventory:

Hand Weapons
 a - a +0 war axe (weapon)
Armour
 b - a +0 scale mail (worn)
 c - a +0 buckler (worn)
Jewellery
 h - a ring of resist corrosion
Scrolls
 e - a scroll of blinking {unknown}
 f - a scroll of noise {unknown}
 g - a scroll of enchant armour {unknown}
 j - 2 scrolls of vulnerability {unknown}
 l - a scroll of identify {unknown}
Potions
 d - a potion of might
 i - 2 potions of curing {unknown}
 k - a potion of degeneration {unknown}


   Skills:
 + Level 4.4 Fighting
 + Level 3.5 Axes
 + Level 4.4 Armour
 + Level 4.3 Shields


You had 3 spell levels left.
You didn't know any spells.
Your spell library was empty.

Dungeon Overview and Level Annotations

Branches:
Dungeon (2/15)

Altars:


Innate Abilities, Weirdness & Mutations

You have a pair of horns on your head.
You reflexively headbutt those who attack you in melee.


Message History

You slash the adder!
You kill the adder!
No target in view! 2 gnolls come into view.
Found a stone staircase leading down.
The gnoll shouts!
You hear a shout!
A gnoll comes into view. It is wielding a +0 whip.
You slash the gnoll!
You kill the gnoll!
The gnoll hits you from afar with a +0 halberd!
Things that are here:
a +0 whip; a gnoll corpse The gnoll hits you with a +0 halberd.
You hit the gnoll.
The gnoll is heavily wounded.
The gnoll hits you with a +0 halberd! x2
* * * LOW HITPOINT WARNING * * *
The gnoll barely misses you.
You are too injured to fight recklessly!
You are too injured to fight recklessly!
You are too injured to fight recklessly!
You barely miss the gnoll.
The gnoll is heavily wounded.
You closely miss the gnoll. The gnoll hits you but does no damage.
The gnoll barely misses you.
You hit the gnoll.
The gnoll is almost dead.
You hit the gnoll. The gnoll hits you with a +0 whip.
* * * LOW HITPOINT WARNING * * *
The gnoll misses you.
You barely miss the gnoll.
The gnoll is almost dead.
You hit the gnoll. The gnoll hits you with a +0 whip.
* * * LOW HITPOINT WARNING * * *
The gnoll hits you but does no damage.
You hit the gnoll.
You kill the gnoll!
You hit the gnoll but do no damage. You block the gnoll's attack.
The gnoll hits you with a +0 whip.
You die...

###.#########
#.#.##.#####. ....#
#..#..# .#
#.#.##....... ###.#
#..#..# .#
#.#.##..####.
#######'###'#### .#
#.#.........#
...#..†.....'..# .#
#.#.....###..
...#..#.....#..##.#
#.#...#####.#
.######.....####..#
. ........
.###..#..†..#..#)g##
#####†.
.(.#..#.....#..#@..#
.#####..
#.##'####'####†#)..#
........
#.#................#
.#####..
#.................##
#..
###...............#
##.
##'####'####+##.# ##
#..#.....# .# #
#..#..†..# .#
####.....#### .#


You could see a gnoll.

Vanquished Creatures
  4 adders (D:2)
  2 gnolls (D:2)
  A dart slug (D:1)
  15 ball pythons
  3 endoplasms
  3 goblins
  A hobgoblin (D:1)
  4 jackals (D:2)
  3 kobolds (D:1)
  A quokka (D:1)
  2 bats
  2 rats
41 creatures vanquished.

Notes
Turn   | Place    | Note
-------+----------+-------------------------------------------
     0 | D:1      | DrKenneth the Minotaur Fighter began the quest for the Orb.
     0 | D:1      | Reached XP level 1. HP: 19/19 MP: 0/0
   213 | D:1      | Reached XP level 2. HP: 27/27 MP: 1/1
  1138 | D:2      | Reached XP level 3. HP: 33/33 MP: 2/2
  1359 | D:2      | Reached XP level 4. HP: 33/41 MP: 3/3
  1448 | D:2      | Slain by a gnoll

Illustrated notes

Levels and vault maps discovered:
D:1:      kilobyte_arrival_exit_the_forest, layout_loops_corners
D:2:      layout_loops_ring, ebering_ecumenical_altar_rust, serial_shops,
          nicolae_book_shop_shelving, minmay_snake_closets

Skill      XL: |  1  2 |
---------------+-------+-----
Fighting       | 4 |  4.4
Armour         | 4 |  4.4
Shields        | 4 |  4.3
Axes           | 3 |  3.5

Action                     |  1- 3 |  4- 6 || total
---------------------------+-------+-------++-------
  Melee: War axe           |    92 |    13 ||   105
         Headbutt          |    11 |       ||    11
 Armour: Scale mail        |   104 |    12 ||   116
  Dodge: Dodged            |    42 |     7 ||    49
  Block: Buckler           |    19 |     4 ||    23

Table legend: (Time is in decaauts)
 A = Elapsed time spent in this place.
 B = Non-inter-level travel time spent in this place.
 C = Inter-level travel time spent in this place.
 D = Time resting spent in this place.
 E = Time spent auto-exploring this place.
 F = Levels seen in this place.
 G = Mean time per level.
                   A        B        C        D        E       F      G
               +--------+--------+--------+--------+--------+-----+--------+
         Total |   1498 |   1469 |     29 |      0 |   1237 |   2 |  749.0 |
       Dungeon |   1498 |   1469 |     29 |      0 |   1237 |   2 |  749.0 |
               +--------+--------+--------+--------+--------+-----+--------+

Top non-repeatable levels by time:
     D:1: 968 daAuts
     D:2: 530 daAuts
